 Dungeon Sprint DCSS version 0.21.1-1-g345015f (webtiles) character file.

8074 wojtek the Severer (level 11, -19/82 HPs)
             Began as a Minotaur Berserker on Mar 1, 2018.
             Was the Champion of Trog.
             Demolished by Rupert
             ... wielding a +5 triple sword of distortion
              (35 damage)
             ... in the Dungeon (Sprint III: "The Ten Rune Challenge").
             The game lasted 00:08:27 (2688 turns).

wojtek the Severer (Minotaur Berserker)             Turns: 2688, Time: 00:08:28

Health: -19/82     AC: 17    Str: 25    XL:     11   Next: 5%
Magic:  10/10      EV: 13    Int:  6    God:    Trog [******]
Gold:   6112       SH:  0    Dex: 10    Spells: 10/10 levels left

rFire    . . .     SeeInvis .   v - +6 battleaxe of the Assorted Tables {chop, rElec rC+ Int+2}
rCold    + . .     Gourm    .   (shield currently unavailable)
rNeg     . . .     Faith    .   j - +0 plate armour
rPois    .         Spirit   .   (helmet restricted)
rElec    +         Reflect  .   (no cloak)
rCorr    .         Harm     .   (no gloves)
MR       .....     NoTele   +   (no boots)
Stlth    ..........             (no amulet)
HPRegen  0.23/turn              (no ring)
MPRegen  0.12/turn              (no ring)

@: no status effects
A: retaliatory headbutt, horns 2
a: Berserk, Trog's Hand, Brothers in Arms, Burn Spellbooks, Renounce Religion


You were in the Dungeon.
You worshipped Trog.
Trog was exalted by your worship.
You were not hungry.

You visited 1 branch You collected 6112 gold pieces.

Inventory:

Hand Weapons
 a - a +7 hand axe of electrocution
 r - a +0 battleaxe of draining
 s - a +0 hand axe
 t - the +3 shortbow of Brawl {freeze, +Fly rElec Stlth+}
   (Trog gifted it to you in the Dungeon)

   It causes projectiles fired from it to freeze those they strike, causing
   extra injury to most foes and up to half again as much damage against
   particularly susceptible opponents.
   They can also slow down cold-blooded creatures.
   It insulates you from electricity.
   It lets you fly.
   It makes you more stealthy.
 u - a +0 antimagic battleaxe
 v - the +6 battleaxe of the Assorted Tables (weapon) {chop, rElec rC+ Int+2}
   (Trog gifted it to you in the Dungeon)

   It inflicts extra damage upon your enemies.
   It affects your intelligence (+2).
   It protects you from cold.
   It insulates you from electricity.
 w - the +12 glaive of Prune {chop}
   (Trog gifted it to you in the Dungeon)

   It inflicts extra damage upon your enemies.
 x - a +2 battleaxe of chopping
Armour
 j - a +0 plate armour (worn)
Wands
 q - a wand of flame (20)
Scrolls
 i - 3 scrolls of blinking
 k - a scroll of immolation {unknown}
 l - 2 scrolls of identify {unknown}
 m - 2 scrolls of remove curse
 o - a scroll of torment {unknown}
Potions
 d - 2 potions of curing
 e - a potion of heal wounds
 f - a potion of haste
 g - 2 potions of magic
 h - a potion of berserk rage
 n - 3 potions of flight
 p - 6 potions of mutation
Miscellaneous
 b - a fan of gales
Comestibles
 c - 12 rations


   Skills:
 - Level 3.6 Fighting
 * Level 20.8 Axes
 + Level 15.6 Armour
 + Level 14.4 Dodging


You had 10 spell levels left.
You didn't know any spells.

Dungeon Overview and Level Annotations

Branches:
Dungeon (1/1)

Altars:
Cheibriados
Dithmenos
Elyvilon
Fedhas
Gozag
Hepliaklqana
Kikubaaqudgha
Makhleb
Nemelex Xobeh
Okawaru
Qazlal
Ru
Sif Muna
Trog
Uskayaw
Vehumet
Wu Jian
Xom
Yredelemnul
Zin
The Shining One
Beogh
Jiyva
Lugonu

Shops:
D !

Annotations:
D Rupert


Innate Abilities, Weirdness & Mutations

You reflexively headbutt those who attack you in melee.
You have a pair of horns on your head.


Message History

You feel a strange sense of stasis.
You slice Rupert!!
Rupert is heavily wounded.
Rupert hits you with a triple sword of distortion!!
Space warps horribly around you!
* * * LOW HITPOINT WARNING * * *
Your cyclops hits Rupert!!!
Rupert hits your cyclops with a triple sword of distortion.
Space bends around your cyclops.
Rupert hits your cyclops with a triple sword of distortion!!
Space warps horribly around your cyclops!
Your cyclops hits Rupert!!!
The azure jelly quivers. x2
Rupert hits your cyclops with a triple sword of distortion!!
Your cyclops dies!
Your cyclops's corpse disappears in a puff of smoke!
Your stone giant goes berserk!
You feel quite a bit more hungry.
Rupert hits you with a triple sword of distortion!!
You die...

#[.# #..#####....#___#
▓▓▓▓▓▓▓▓▓▓▓▓▓▓▓▓▓▓▓▓▓▓
+≈≈≈≈≈.≈≈≈♣♣.....♣
#≈≈≈§§§≈≈≈♣♣.≈≈≈≈'
#≈≈≈§§§§.≈≈†.....#
#≈≈≈≈§§≈≈≈♣♣♣♣♣♣♣#
#≈≈≈§§§§≈.♣ #
▓##+####'######
▓..C.@@.........
▓#+############# .J.
▓.J. ▓.JJ ▓... #+##


You could see Rupert (berserk), an azure jelly and a friendly stone giant
(berserk).

Vanquished Creatures
  A centaur warrior (D)
  Erica (D)
  An unseen horror (D)
  A deep elf mage (D)
  2 spiny frogs (D)
  A komodo dragon (D)
  A rime drake (D)
  A queen bee (D)
  3 wandering mushrooms (D)
  5 blink frogs (D)
  A shadow (D)
  A spatial vortex (D)
  A swamp drake (D)
  A necrophage (D)
  2 centaurs (D)
  An earth elemental (D)
  A water elemental (D)
  30 killer bees (D)
  A jelly (D)
  An orc priest (D)
  An orc wizard (D)
  A wizard (D)
  A necromancer (D)
  3 humans (D)
  A kobold demonologist (D)
  An ooze (D)
  A phantom (D)
  3 rats (D)
69 creatures vanquished.

Vanquished Creatures (collateral kills)
  An orc knight (D)
  An orc sorcerer (D)
  An orc warrior (D)
  2 killer bees (D)
  An orc priest (D)
  3 orc wizards (D)
  9 orcs (D)
18 creatures vanquished.

Vanquished Creatures (others)
  2 draconian scorchers (D)
  6 hellions (D)
  A yaktaur (D)
9 creatures vanquished.

Grand Total: 96 creatures vanquished

Notes
Turn   | Place    | Note
-------+----------+-------------------------------------------
     0 | D        | wojtek the Minotaur Berserker began the quest for the Orb.
     0 | D        | Reached XP level 1. HP: 19/19 MP: 0/0
    10 | D        | Reached skill level 4 in Axes
    42 | D        | Reached ** piety under Trog
    72 | D        | Reached skill level 6 in Axes
    72 | D        | Reached XP level 2. HP: 26/26 MP: 1/1
    77 | D        | Reached XP level 3. HP: 22/31 MP: 2/2
    86 | D        | Killed a hellion
    91 | D        | Killed a yaktaur
   100 | D        | Killed a hellion
   108 | D        | Killed a hellion
   114 | D        | Killed a hellion
   142 | D        | Killed a white draconian scorcher
   143 | D        | Killed a hellion
   154 | D        | Noticed a water elemental
   161 | D        | Killed a water elemental
   161 | D        | Reached *** piety under Trog
   161 | D        | Reached skill level 8 in Axes
   161 | D        | Reached skill level 5 in Armour
   161 | D        | Reached skill level 5 in Dodging
   161 | D        | Reached XP level 4. HP: 37/39 MP: 3/3
   162 | D        | Killed a white draconian scorcher
   193 | D        | Killed a hellion
   253 | D        | Found a radiant altar of Vehumet.
   254 | D        | Noticed a wizard
   254 | D        | Found a deep blue altar of Sif Muna.
   254 | D        | Found an ancient bone altar of Kikubaaqudgha.
   257 | D        | Killed a wizard
   258 | D        | Reached skill level 9 in Axes
   312 | D        | Found a glowing silver altar of Zin.
   313 | D        | Found a glowing golden altar of the Shining One.
   313 | D        | Found a white marble altar of Elyvilon.
   313 | D        | Noticed a deep elf mage
   324 | D        | Reached **** piety under Trog
   328 | D        | Killed a deep elf mage
   328 | D        | Reached skill level 12 in Axes
   328 | D        | Reached XP level 5. HP: 39/45 MP: 4/4
   328 | D        | Reached XP level 6. HP: 44/51 MP: 5/5
   328 | D        | Reached XP level 7. HP: 49/57 MP: 6/6
   375 | D        | Found a hide-covered altar of Uskayaw.
   375 | D        | Found an iron altar of Okawaru.
   376 | D        | Found a roughly hewn altar of Beogh.
   376 | D        | Found a bloodstained altar of Trog.
   376 | D        | Found an ornate altar of the Wu Jian Council.
   376 | D        | Noticed a human
   376 | D        | Noticed a human
   379 | D        | Reached ***** piety under Trog
   383 | D        | Killed a human
   383 | D        | Reached skill level 13 in Axes
   394 | D        | Killed a human
   394 | D        | Reached skill level 14 in Axes
   394 | D        | Reached skill level 10 in Armour
   504 | D        | Found a shadowy altar of Dithmenos.
   511 | D        | Received a gift from Trog
   512 | D        | Found a basalt altar of Yredelemnul.
   512 | D        | Found a sacrificial altar of Ru.
   712 | D        | Noticed a shadow
   724 | D        | Killed a shadow
   724 | D        | Reached skill level 10 in Dodging
   724 | D        | Reached XP level 8. HP: 64/64 MP: 7/7
   769 | D        | Found a blossoming altar of Fedhas.
   769 | D        | Found a stormy altar of Qazlal.
   770 | D        | Found a snail-covered altar of Cheibriados.
   770 | D        | Found a burning altar of Makhleb.
   770 | D        | Found a hazy altar of Hepliaklqana.
   770 | D        | Found a shimmering altar of Xom.
   770 | D        | Found an opulent altar of Gozag.
   770 | D        | Found a sparkling altar of Nemelex Xobeh.
   770 | D        | Found a corrupted altar of Lugonu.
   770 | D        | Found a viscous altar of Jiyva.
   794 | D        | Reached skill level 15 in Axes
   816 | D        | Noticed Erica
   826 | D        | Killed Erica
   826 | D        | Reached skill level 16 in Axes
   871 | D        | Reached XP level 9. HP: 58/70 MP: 8/8
  1008 | D        | Found Ywaadegi's Distillery.
  1008 | D        | Noticed an orc sorcerer
  1009 | D        | Noticed an orc knight
  1014 | D        | Received a gift from Trog
  1017 | D        | Killed an orc sorcerer
  1022 | D        | Reached ****** piety under Trog
  1028 | D        | Killed an orc knight
  1028 | D        | Received a gift from Trog
  1028 | D        | Reached skill level 17 in Axes
  1129 | D        | Noticed a centaur warrior
  1137 | D        | Killed a centaur warrior
  1138 | D        | Received a gift from Trog
  1138 | D        | Reached skill level 18 in Axes
  1302 | D        | Killed an unseen horror
  1373 | D        | Reached XP level 10. HP: 77/77 MP: 9/9
  1480 | D        | Received a gift from Trog
  1499 | D        | Reached skill level 19 in Axes
  1519 | D        | Received a gift from Trog
  1849 | D        | Received a gift from Trog
  2102 | D        | Got a crystal shortbow {god gift}
  2102 | D        | Got a smoking battleaxe {god gift}
  2103 | D        | Identified the +3 shortbow of Brawl {freeze, +Fly rElec Stlth+} (Trog gifted it to you in the Dungeon)
  2104 | D        | Identified the +6 battleaxe of the Assorted Tables {chop, rElec rC+ Int+2} (Trog gifted it to you in the Dungeon)
  2163 | D        | Received a gift from Trog
  2164 | D        | Found the +12 glaive of Prune {chop}
  2232 | D        | Noticed a spiny frog
  2232 | D        | Noticed a spiny frog
  2236 | D        | Killed a spiny frog
  2236 | D        | Reached skill level 20 in Axes
  2240 | D        | Killed a spiny frog
  2240 | D        | Reached skill level 15 in Armour
  2491 | D        | Received a gift from Trog
  2491 | D        | Reached XP level 11. HP: 50/82 MP: 10/10
  2679 | D        | Noticed Rupert
  2686 | D        | Noticed an azure jelly
  2686 | D        | Noticed an azure jelly
  2686 | D        | Noticed an azure jelly
  2686 | D        | Noticed an azure jelly
  2688 | D        | Demolished by Rupert

Skill      XL: |  1  2  3  4  5  6  7  8  9 10 |
---------------+-------------------------------+-----
Axes           | 6 8 12 14 16 18 20 | 20.8
Armour         | 4 5 9 10 12 13 15 | 15.6
Dodging        | 3 5 8 10 11 12 14 | 14.4
Fighting       | |  3.6

Action                   |  1- 3 |  4- 6 |  7- 9 | 10-12 || total
-------------------------+-------+-------+-------+-------++-------
Melee: Hand axe          |    25 |     7 |    89 |   107 ||   228
       Headbutt          |     3 |       |    21 |    15 ||    39
       Battleaxe         |       |       |     2 |    52 ||    54
Invok: Berserk           |     2 |     1 |     3 |       ||     6
       Burn Spellbooks   |       |     1 |     1 |       ||     2
       Brothers in Arms  |       |       |     1 |     3 ||     4
 Stab: Sleeping          |     2 |       |       |       ||     2
  Eat: Chunk             |       |     1 |     2 |     1 ||     4
       Ration            |       |       |     1 |     2 ||     3
Armor: Plate armour      |     5 |     2 |    32 |    64 ||   103
Dodge: Dodged            |    12 |     2 |    25 |    96 ||   135
